 Dungeon Crawl Stone Soup version 0.20.1-1-g8b1a95d (webtiles) character file.

101915 dohliylev the Unseen (level 15, -1/103 HPs)
             Began as a Vampire Enchanter on Aug 10, 2017.
             Was the Champion of Nemelex Xobeh.
             Slain by an entropy weaver
             ... wielding a +0 rapier
              (11 damage)
             ... on level 2 of the Spider Nest.
             The game lasted 03:04:43 (26083 turns).

dohliylev the Unseen (Vampire Enchanter)           Turns: 26083, Time: 03:04:44

Health: -1/103     AC: -9    Str:  7    XL:     15   Next: 84%
Magic:  24/31      EV: 30    Int: 32    God:    Nemelex Xobeh [******]
Gold:   2832       SH:  0    Dex: 15    Spells: 16/38 levels left

rFire    + . .     SeeInvis +   b - +5 dagger (speed)
rCold    + + .     Gourm    .   (no shield)
rNeg     + + +     Faith    .   d - +3 robe of Folly {Archmagi, MR-- Int+5}
rPois    ∞         Spirit   .   c - +2 hat {Int+3}
rElec    .         Reflect  .   L - scarf {cloud immunity}
rCorr    .         Harm     .   Q - +1 pair of gloves
MR       .....                  x - +1 pair of boots of Fortification {rF+}
Stlth    +++++++++.             r - amulet of magic regeneration
Regen    0.0/turn               t - +5 ring of evasion
MPRegen  0.4/turn               R - +3 ring of evasion

@: corroded, bloodless, non-regenerating
A: fangs 3, see invisible, unbreathing
a: Bat Form, Triple Draw, Deal Four, Stack Five, Renounce Religion


You were on level 2 of the Spider Nest.
You worshipped Nemelex Xobeh.
Nemelex Xobeh was exalted by your worship.
You were bloodless.

You visited 5 branches of the dungeon, and saw 22 of its levels.
You also visited: Ice Cave.

You collected 2866 gold pieces.
You spent 34 gold pieces at shops.

Inventory:

Hand Weapons
 b - a +5 dagger of speed (weapon)
Armour
 c - a +2 hat of intelligence (worn)
 d - the +3 robe of Folly (worn) {Archmagi, MR-- Int+5}
   (You found it in an ice cave)

   It affects your intelligence (+5).
   It affects your resistance to hostile enchantments.
 w - a +2 robe of fire resistance
 x - the +1 pair of boots of Fortification (worn) {rF+}
   (You found it on level 4 of the Lair of Beasts)

   It protects you from fire.
 L - a scarf of cloud immunity (worn)
 Q - a +1 pair of gloves (worn)
 T - a +1 robe of magic resistance
Jewellery
 r - an amulet of magic regeneration (around neck)
 t - a +5 ring of evasion (left hand)
 P - an uncursed ring of protection from fire
 R - a +3 ring of evasion (right hand)
 V - the ring of Sazoit {rF+ Dex+3}
   (You found it on level 11 of the Dungeon)

   [ring of dexterity]

   It affects your dexterity (+3).
   It protects you from fire.
 X - an uncursed ring of fire
Wands
 f - a wand of acid (5/15)
 s - a wand of digging (16/24)
 u - a wand of confusion (33/48)
Scrolls
 e - 9 scrolls of remove curse
 g - a scroll of blinking
 h - 4 scrolls of amnesia
 m - 2 scrolls of magic mapping
 o - 5 scrolls of fear
 p - 2 scrolls of recharging
 q - a scroll of immolation
 y - 2 scrolls of fog
 A - 2 scrolls of identify
 J - a scroll of silence
 K - a scroll of summoning
 M - 10 scrolls of teleportation
 N - 2 scrolls of enchant armour
Potions
 i - a potion of lignification {unknown}
 j - 5 potions of haste
 k - a potion of invisibility {unknown}
 l - 3 potions of might
 n - 11 potions of curing
 z - 4 potions of brilliance
 B - a potion of mutation {unknown}
 D - a potion of experience {unknown}
 H - 4 potions of agility
 S - 2 potions of degeneration {unknown}
 U - 4 potions of ambrosia {unknown}
 Y - 2 potions of magic {unknown}
Miscellaneous
 a - an ornate deck of escape {drawn: 1}
 v - an ornate deck of summoning {drawn: 1}
 C - a plain deck of destruction
 E - an ornate deck of summoning {drawn: 5}
 F - an ornate deck of summoning
 G - a legendary deck of summoning
 I - a plain deck of escape
 O - a legendary deck of destruction
 W - a legendary deck of escape
 Z - a legendary deck of destruction


   Skills:
 + Level 5.3 Fighting
 + Level 8.6 Short Blades
 + Level 13.9 Dodging
 - Level 20.0 Stealth
 - Level 12.0 Spellcasting
 - Level 14.0 Hexes
 - Level 6.0 Ice Magic
 * Level 9.2 Evocations


You had 16 spell levels left.
You knew the following spells:

 Your Spells              Type           Power        Failure   Level  Hunger
a - Corona                Hex            #######      0%          1    None
b - Ensorcelled Hibernat  Hex/Ice        ######       1%          2    None
c - Confuse               Hex            ########     1%          3    None
d - Tukima's Dance        Hex            ########     1%          3    None
e - Silence               Hex/Air        #######...   3%          5    #......
f - Summon Ice Beast      Ice/Summ       ######..     7%          4    None
g - Throw Icicle          Conj/Ice       ######..     7%          4    None


Dungeon Overview and Level Annotations

Branches:
Dungeon (11/15)            Temple (1/1) D:6            Lair (6/6) D:10
  Swamp (0/4) Lair:2       Spider (2/4) Lair:4        Slime (0/5) Lair:6
    Orc (2/2) D:10            Elf (0/3) Orc:2

Altars:
Ashenzari
Cheibriados
Dithmenos
Elyvilon
Fedhas
Gozag
Hepliaklqana
Kikubaaqudgha
Makhleb
Nemelex Xobeh
Okawaru
Qazlal
Ru
Sif Muna
Trog
Uskayaw
Vehumet
Xom
Yredelemnul
Zin
The Shining One
Beogh
Jiyva

Shops:
D:8 *   D:11 =   Orc:2 (}%?


Innate Abilities, Weirdness & Mutations

You do not heal naturally.
You are immune to poison.
You have razor-sharp teeth.
You have supernaturally acute eyesight. (SInv)
You can survive without breathing.


Message History

You feel a surge of power!
The tarantella appears confused.
The tarantella completely misses you.
The entropy weaver casts a spell.
The entropic weave corrodes you!
Your yaktaur hits the entropy weaver.
You hit the tarantella but do no damage.
The entropy weaver mumbles some strange words.
The entropic weave corrodes you!
Your yaktaur hits the entropy weaver!
The entropy weaver mumbles some strange words.
The entropic weave corrodes you!
Your yaktaur wields an uncursed arbalest.
Your yaktaur shoots a bolt.
The bolt hits the tarantella!!
The bolt disappears in a puff of smoke!
Your yaktaur shoots a bolt.
The bolt hits the entropy weaver!!
The bolt disappears in a puff of smoke!
Your yaktaur unwields an uncursed arbalest.
Your yaktaur hits the tarantella!
The tarantella dies!
The entropy weaver hits you with a rapier!
You die...
Your body glows with a rainbow of weird colours and disappears.

..#.#.###### ###
###.....# #.#####
###.## ####...## ###
##.#..####.#...... ##
#......##......#.. .#
##..............#.. .##
#####...##.....#...###.
.(#
#.#.##...#.#.†####...#.
..#
#....#.a....c...##...##
.##
###....@######..^.#####
.^# #....^..# #^.##^.##
..###
##..##..###...##.#
....#
#....##.'.†....#.#
†...#
###...#.###..^##.#
#..## ###..##.#
#..##..# ####
#^§§.#..######..## .#
##..........[a.## ##
##.#..........#


You could see an entropy weaver and a friendly yaktaur.

Vanquished Creatures
  Rupert (Lair:3)
  Gastronok (Lair:1)
  2 emperor scorpions (Spider:1)
  A spark wasp (Spider:1)
  Snorg (D:10)
  A fire dragon (Lair:6)
  9 hydras
  The ghost of bgiannan the Fighter, a novice MiFi of Makhleb (D:9)
  A queen ant (D:9)
  A centaur warrior (D:8)
  8 two-headed ogres
  An ogre mage (Orc:2)
  Urug (D:10)
  An iron troll (Orc:2)
  Sonja (Lair:1)
  A fire crab (Lair:6)
  An unseen horror (D:10)
  A deep troll (Orc:2)
  A lindwurm (Lair:6)
  2 orc knights (Orc:1)
  9 orb spiders
  17 wolf spiders
  3 oklob plants
  3 cyclopes
  An ugly thing (D:11)
  5 elephants (Lair:5)
  6 black mambas
  4 molten gargoyles
  12 spiny frogs
  Psyche (D:8)
  4 ice statues (IceCv)
  A torpor snail (Spider:2)
  A gargoyle (D:11)
  A centaur skeleton (D:11)
  2 rime drakes
  2 anaconda simulacra (IceCv)
  3 demonic crawlers
  A golden dragon simulacrum (IceCv)
  5 komodo dragons (Lair:6)
  8 ice devils (IceCv)
  21 jumping spiders
  A queen bee (D:8)
  8 trolls
  12 blink frogs
  7 dream sheep
  7 hippogriffs
  Sigmund (D:4)
  38 redbacks
  Eustachio (D:4)
  21 tarantellas
  10 yaks
  A dire elephant simulacrum (IceCv)
  A steam dragon (Lair:6)
  6 basilisks
  2 wyverns
  A harpy simulacrum (IceCv)
  6 soldier ants (D:9)
  3 wargs
  2 iron troll simulacra (IceCv)
  10 water moccasins
  2 hydra simulacra (IceCv)
  Duvessa (D:4)
  5 hell hounds
  6 porcupines
  6 sky beasts
  13 orc warriors
  5 eyes of draining
  A phantom (D:8)
  3 black bears
  A necrophage (D:11)
  3 ice beasts
  An ettin simulacrum (IceCv)
  19 ogres
  10 wolves
  A boggart (Lair:6)
  5 centaurs
  12 crocodiles
  A big kobold (D:7)
  15 bullfrogs
  A wyvern skeleton (D:11)
  A water moccasin skeleton (D:6)
  4 scorpions
  Dowan (D:4)
  12 killer bees
  A vampire bat (Lair:3)
  5 wights (D:8)
  4 howler monkeys (D:7)
  An electric eel (D:8)
  7 crimson imps
  4 lava snakes (Lair:6)
  3 centaur zombies
  A quasit (D:11)
  A bullfrog zombie (D:5)
  7 jellies
  11 orc priests
  3 hounds
  19 orc wizards
  Ijyb (D:4)
  An iguana (D:9)
  32 worker ants
  A killer bee zombie (D:6)
  A bullfrog simulacrum (D:11)
  A hound zombie (D:5)
  A hound skeleton (D:9)
  4 worker ant zombies
  10 adders
  A gnoll (D:4)
  2 howler monkey skeletons
  5 oozes
  2 adder skeletons
  4 worms
  2 dart slugs
  6 leopard geckos
  57 orcs
  3 ball pythons
  7 giant cockroaches
  6 hobgoblins
  9 jackals
  6 quokkas
  15 bats
  8 frilled lizards
  2 goblins
  14 kobolds
  A leopard gecko zombie (D:6)
  2 quokka skeletons
  5 rats
  A fungus (Lair:6)
  A plant (Lair:3)
692 creatures vanquished.

Vanquished Creatures (collateral kills)
  An Ice Fiend (IceCv)
  A hydra (Lair:2)
  2 two-headed ogres (Orc:2)
  An ogre mage (Orc:2)
  A deep elf knight (Orc:2)
  An orb spider (Spider:2)
  A cyclops (Orc:2)
  A manticore (D:11)
  A guardian serpent (Lair:6)
  2 black mambas (Lair:6)
  A rime drake (Lair:6)
  2 freezing wraiths (Spider:2)
  A troll (Orc:2)
  2 jumping spiders (Spider:2)
  2 dream sheep
  A hippogriff (Lair:1)
  6 blink frogs
  3 redbacks (Spider:2)
  A spriggan (Lair:6)
  A tarantella (Spider:2)
  A wyvern (Lair:5)
  10 yaks (Lair:1)
  A basilisk (D:11)
  A hungry ghost (D:11)
  A soldier ant (Lair:6)
  An orc warrior (D:11)
  3 wolves
  3 ogres (Orc:2)
  3 crocodiles
  A killer bee (Lair:3)
  A crimson imp (D:11)
  A quasit (D:11)
  An orc priest (Orc:1)
  An orc wizard (D:11)
  2 iguanas (Lair:2)
  9 orcs
  A jackal (Orc:1)
73 creatures vanquished.

Vanquished Creatures (others)
  A blink frog (Lair:6)
  A dream sheep (Lair:6)
  A dancing weapon (D:4)
  3 yaks (Lair:6)
  6 wolves
  An orc (Orc:1)
  A giant cockroach (D:1)
  13 fungi
  11 plants
38 creatures vanquished.

Grand Total: 803 creatures vanquished

Notes
Turn   | Place    | Note
-------+----------+-------------------------------------------
     0 | D:1      | dohliylev the Vampire Enchanter began the quest for the Orb.
     0 | D:1      | Reached XP level 1. HP: 13/13 MP: 3/3
   158 | D:1      | Reached XP level 2. HP: 15/19 MP: 5/5
   174 | D:1      | Learned a level 2 spell: Ensorcelled Hibernation
   387 | D:1      | Reached skill level 5 in Stealth
   854 | D:2      | Reached skill level 5 in Hexes
   973 | D:2      | Reached XP level 3. HP: 14/24 MP: 0/6
  1610 | D:3      | Reached skill level 6 in Stealth
  1610 | D:3      | Reached XP level 4. HP: 30/30 MP: 2/7
  2014 | D:3      | Reached skill level 7 in Stealth
  2014 | D:3      | Reached XP level 5. HP: 36/36 MP: 5/8
  2414 | D:4      | Noticed Ijyb
  2420 | D:4      | Noticed Sigmund
  2422 | D:4      | Killed Ijyb
  2422 | D:4      | Reached skill level 1 in Ice Magic
  2450 | D:4      | Killed Sigmund
  2450 | D:4      | Reached skill level 8 in Stealth
  2450 | D:4      | Reached XP level 6. HP: 42/42 MP: 7/9
  2455 | D:4      | Found a deep blue altar of Sif Muna.
  2481 | D:4      | Found a shimmering altar of Xom.
  2650 | D:4      | Noticed Dowan
  2652 | D:4      | Noticed Duvessa
  2852 | D:3      | Learned a level 3 spell: Confuse
  2856 | D:3      | Learned a level 3 spell: Tukima's Dance
  2878 | D:4      | Killed Dowan
  2913 | D:4      | Killed Duvessa
  3000 | D:4      | Reached XP level 7. HP: 36/47 MP: 11/11
  3120 | D:4      | Found a bloodstained altar of Trog.
  3379 | D:4      | Noticed Eustachio
  3388 | D:4      | Killed Eustachio
  3388 | D:4      | Reached skill level 1 in Fighting
  3411 | D:4      | Found a sparkling altar of Nemelex Xobeh.
  3425 | D:4      | Became a worshipper of Nemelex Xobeh the Trickster
  3508 | D:4      | Received a gift from Nemelex Xobeh
  3831 | D:4      | Found a snail-covered altar of Cheibriados.
  3847 | D:5      | Entered Level 5 of the Dungeon
  4125 | D:5      | Reached XP level 8. HP: 52/54 MP: 9/14
  4448 | D:6      | Reached * piety under Nemelex Xobeh
  4448 | D:6      | Found a shimmering altar of Xom.
  4659 | D:6      | Found a staircase to the Ecumenical Temple.
  4678 | Temple   | Entered the Ecumenical Temple
  4898 | D:6      | Reached skill level 1 in Evocations
  4915 | D:6      | Reached skill level 5 in Spellcasting
  5592 | D:7      | Reached XP level 9. HP: 59/59 MP: 14/17
  5729 | D:7      | Found a sacrificial altar of Ru.
  5786 | D:7      | Reached skill level 5 in Short Blades
  5801 | D:7      | Found a hide-covered altar of Uskayaw.
  5805 | D:7      | Noticed a dagger
  5806 | D:7      | Noticed a dagger
  6020 | D:7      | Reached ** piety under Nemelex Xobeh
  6343 | D:8      | Reached skill level 5 in Ice Magic
  6369 | D:8      | Reached skill level 9 in Stealth
  6392 | D:8      | Noticed a centaur warrior
  6513 | D:8      | Reached skill level 10 in Stealth
  6706 | D:8      | Reached skill level 11 in Stealth
  6884 | D:8      | Found an iron altar of Okawaru.
  6923 | D:8      | Noticed Psyche
  6930 | D:8      | Killed Psyche
  6930 | D:8      | Reached XP level 10. HP: 67/67 MP: 20/20
  6931 | D:8      | Found a glowing golden altar of the Shining One.
  6935 | D:8      | Found Zin's Purification Station.
  6939 | D:8      | Reached skill level 12 in Stealth
  6957 | D:8      | Found a glowing silver altar of Zin.
  6996 | D:8      | Reached skill level 5 in Dodging
  7314 | D:8      | Reached skill level 13 in Stealth
  7476 | D:8      | Killed a centaur warrior
  7476 | D:8      | Reached skill level 14 in Stealth
  7555 | D:8      | Reached skill level 15 in Stealth
  7576 | D:8      | Received a gift from Nemelex Xobeh
  8033 | D:9      | Reached *** piety under Nemelex Xobeh
  8061 | D:9      | Noticed a two-headed ogre
  8073 | D:9      | Killed a two-headed ogre
  8289 | D:9      | Received a gift from Nemelex Xobeh
  8371 | D:9      | Noticed a two-headed ogre
  8378 | D:9      | Killed a two-headed ogre
  8378 | D:9      | Reached XP level 11. HP: 75/75 MP: 11/21
  8819 | D:9      | Noticed a queen ant
  8827 | D:9      | Killed a queen ant
  9084 | D:9      | Noticed bgiannan's ghost (novice MiFi)
  9235 | D:9      | Killed bgiannan's ghost
  9483 | D:10     | Entered Level 10 of the Dungeon
  9483 | D:10     | Noticed Urug
  9484 | D:10     | Killed Urug
  9484 | D:10     | Reached skill level 10 in Dodging
  9622 | D:10     | Found a staircase to the Lair.
  9637 | D:10     | Noticed Snorg
  9645 | D:10     | Killed Snorg
  9865 | D:10     | Received a gift from Nemelex Xobeh
  9884 | D:10     | Found a staircase to the Orcish Mines.
  9949 | D:10     | Noticed an unseen horror
  9953 | D:10     | Killed an unseen horror
  9953 | D:10     | Reached skill level 5 in Fighting
 10372 | D:11     | Found Bonorid's Jewellery Shoppe.
 10484 | D:11     | Reached **** piety under Nemelex Xobeh
 10484 | D:11     | Received a gift from Nemelex Xobeh
 10669 | D:11     | Reached XP level 12. HP: 23/86 MP: 22/22
 10859 | D:11     | Got a clouded amber ring
 10919 | D:11     | Received a gift from Nemelex Xobeh
 10956 | D:11     | Identified the ring of Sazoit {rF+ Dex+3} (You found it on level 11 of the Dungeon)
 11322 | D:11     | Received a gift from Nemelex Xobeh
 11338 | D:11     | Reached skill level 16 in Stealth
 11701 | Lair:1   | Entered Level 1 of the Lair of Beasts
 11943 | Lair:1   | Received a gift from Nemelex Xobeh
 12083 | Lair:1   | Noticed Gastronok
 12106 | Lair:1   | Killed Gastronok
 12106 | Lair:1   | Reached skill level 17 in Stealth
 12184 | Lair:1   | Noticed Sonja
 12187 | Lair:1   | Noticed a seven-headed hydra
 12245 | Lair:1   | Killed a seven-headed hydra
 12335 | Lair:1   | Killed Sonja
 12335 | Lair:1   | Reached skill level 18 in Stealth
 12470 | Lair:1   | Reached ***** piety under Nemelex Xobeh
 12932 | Lair:2   | Received a gift from Nemelex Xobeh
 12935 | Lair:2   | Noticed a six-headed hydra
 12936 | Lair:2   | Found a staircase to the Swamp.
 12966 | Lair:2   | Killed a six-headed hydra
 13094 | Lair:2   | Reached skill level 19 in Stealth
 13371 | Lair:2   | Noticed a six-headed hydra
 13384 | Lair:2   | Killed a six-headed hydra
 13384 | Lair:2   | Reached XP level 13. HP: 91/91 MP: 23/23
 13393 | Lair:2   | Identified a scroll of acquirement
 13394 | Lair:2   | Identified the Handbook of Execration and Stones (You acquired it on level 2 of the Lair of Beasts)
 13401 | Lair:2   | Learned a level 5 spell: Silence
 13688 | Lair:3   | Noticed Rupert
 14492 | Lair:3   | Received a gift from Nemelex Xobeh
 14508 | Lair:3   | Learned a level 4 spell: Summon Ice Beast
 14513 | Lair:3   | Learned a level 4 spell: Throw Icicle
 14583 | Lair:3   | Reached skill level 20 in Stealth
 14722 | Lair:3   | Killed Rupert
 15130 | Lair:4   | Found a hole to the Spider Nest.
 15195 | Lair:4   | Got a pair of fine boots
 15206 | Lair:4   | Identified the +1 pair of boots of Fortification {rF+} (You found it on level 4 of the Lair of Beasts)
 15215 | Lair:4   | Received a gift from Nemelex Xobeh
 15553 | Lair:4   | Received a gift from Nemelex Xobeh
 15896 | Lair:5   | Reached skill level 10 in Hexes
 16094 | Lair:5   | Received a gift from Nemelex Xobeh
 16096 | Lair:5   | Reached ****** piety under Nemelex Xobeh
 16299 | Lair:5   | Received a gift from Nemelex Xobeh
 16721 | Lair:6   | Entered Level 6 of the Lair of Beasts
 16976 | Lair:6   | Received a gift from Nemelex Xobeh
 17107 | Lair:6   | Reached skill level 5 in Evocations
 17107 | Lair:6   | Reached XP level 14. HP: 98/98 MP: 9/26
 17282 | Lair:6   | Found a runed door.
 17284 | Lair:6   | Found a viscous altar of Jiyva.
 17286 | Lair:6   | Found a staircase to the Slime Pits.
 17593 | Lair:6   | Found a large runed door.
 17595 | Lair:6   | Found a large runed door.
 18019 | Lair:6   | Received a gift from Nemelex Xobeh
 18709 | Orc:1    | Entered Level 1 of the Orcish Mines
 18802 | Orc:2    | Entered Level 2 of the Orcish Mines
 19485 | Orc:2    | Reached skill level 10 in Spellcasting
 19821 | Orc:2    | Found Dorurr's Food Boutique.
 19822 | Orc:2    | Found Busa Qygh's Weapon Shop.
 19826 | Orc:2    | Received a gift from Nemelex Xobeh
 19828 | Orc:2    | Found Ohucseimp's Magic Scroll Shoppe.
 19839 | Orc:2    | Found Fips's Gadget Boutique.
 19842 | Orc:2    | Bought a scroll of identify for 34 gold pieces
 20070 | Orc:2    | Found a staircase to the Elven Halls.
 20552 | Orc:1    | Received a gift from Nemelex Xobeh
 20806 | Orc:1    | Found a roughly hewn altar of Beogh.
 21385 | Spider:1 | Entered Level 1 of the Spider Nest
 21685 | Spider:1 | Noticed an emperor scorpion
 21696 | Spider:1 | Killed an emperor scorpion
 21696 | Spider:1 | Reached XP level 15. HP: 103/103 MP: 24/29
 23062 | Spider:2 | Found a frozen archway.
 23065 | Spider:2 | HP: 5/103 [disintegration (44)]
 23318 | IceCv    | Entered an ice cave
 23700 | IceCv    | Received a gift from Nemelex Xobeh
 24506 | IceCv    | Noticed an Ice Fiend
 25209 | IceCv    | Killed an Ice Fiend
 25483 | Spider:2 | Received a gift from Nemelex Xobeh
 25958 | Spider:2 | Received a gift from Nemelex Xobeh
 26083 | Spider:2 | Slain by an entropy weaver

Skill      XL: |  1  2  3  4  5  6  7  8  9 10 11 12 13 14 15 |
---------------+----------------------------------------------+-----
Stealth        | 5 6 7 8 11 15 19 20 | 20.0
Hexes          | 5 6 8 9 11 14 | 14.0
Ice Magic      | 1 2 3 4 5 6 |  6.0
Short Blades   | 2 4 5 6 8 |  8.6
Spellcasting   | 3 4 5 7 8 10 12 | 12.0
Dodging        | 3 4 7 12 13 | 13.9
Fighting       | 1 2 3 5 |  5.3
Evocations     | 1 3 5 6 9 |  9.2

Action                   |  1- 3 |  4- 6 |  7- 9 | 10-12 | 13-15 || total
-------------------------+-------+-------+-------+-------+-------++-------
Melee: Dagger            |    97 |    75 |   305 |   441 |  1034 ||  1952
       Bite              |     6 |     5 |    17 |    41 |    97 ||   166
 Cast: Ensorcelled Hiber |    14 |    30 |    93 |   176 |   450 ||   763
       Corona            |     1 |     3 |     7 |     5 |    12 ||    28
       Tukima's Dance    |       |     1 |     3 |       |       ||     4
       Confuse           |       |     1 |    15 |    30 |   134 ||   180
       Summon Ice Beast  |       |       |       |       |     9 ||     9
       Throw Icicle      |       |       |       |       |     3 ||     3
Invok: Triple Draw       |       |       |       |       |     3 ||     3
 Abil: End Transformatio |       |     1 |       |     1 |     3 ||     5
       Bat Form          |       |     1 |       |     1 |     3 ||     5
Evoke: Wand              |       |       |     7 |    10 |       ||    17
       Deck              |       |       |       |    21 |    50 ||    71
       Sack of spiders   |       |       |       |     2 |       ||     2
       Phantom mirror    |       |       |       |       |     1 ||     1
  Use: Scroll            |       |       |    17 |     9 |    13 ||    39
       Potion            |       |       |     1 |     7 |    15 ||    23
 Stab: Sleeping          |    21 |    20 |    64 |   120 |   261 ||   486
       Confused          |       |       |    10 |    21 |    76 ||   107
       Distracted        |       |       |     1 |     1 |     2 ||     4
       Petrified         |       |       |       |       |     1 ||     1
  Eat: Corpse            |    12 |     5 |    19 |    11 |     7 ||    54
Armor: Robe              |    17 |     8 |    31 |    56 |    69 ||   181
       Troll leather arm |       |       |       |       |    10 ||    10
Dodge: Dodged            |    58 |    58 |   183 |   368 |   781 ||  1448
